 Dungeon Crawl Stone Soup version 0.25.0-1-g7eea58d2a3 (webtiles) character file.

Game seed: 13986028435328029461

155 derpkhan the Slasher (level 5, -2/46 HPs)
             Began as a Draconian Berserker on June 14, 2020.
             Was a Believer of Trog.
             Slain by an adder (5 damage)
             ... on level 4 of the Dungeon.
             The game lasted 00:26:09 (2662 turns).

derpkhan the Slasher (Draconian Berserker)          Turns: 2662, Time: 00:26:10

Health: -2/46      AC:  7    Str: 20    XL:     5   Next: 14%
Magic:  5/5        EV: 13    Int:  7    God:    Trog [**....]
Gold:   123        SH:  0    Dex: 11    Spells: 4/4 levels left

rFire    . . .     SeeInvis .   a - +0 falchion
rCold    + . .     Gourm    .   (no shield)
rNeg     . . .     Faith    .   (armour unavailable)
rPois    .         Spirit   .   (helmet restricted)
rElec    .         Reflect  .   m - +0 cloak
rCorr    .         Harm     .   f - +0 pair of gloves
MR       .....                  (no boots)
Stlth    +.........             (no amulet)
HPRegen  0.15/turn              (no ring)
MPRegen  0.09/turn              (no ring)

@: lethally poisoned (-2 -> -5), berserk cooldown, slowed, very slow
A: unfitting armour, big wings, cold resistance 1, cold-blooded, AC +5
a: Fly, Berserk, Trog's Hand, Renounce Religion


You were on level 4 of the Dungeon.
You worshipped Trog.
Trog was pleased with you.
You were near starving.

You visited 1 branch of the dungeon, and saw 4 of its levels.

You collected 123 gold pieces.

Inventory:

Hand Weapons
 a - a +0 falchion (weapon)
 g - a +0 whip
 h - a +0 whip
 i - a +0 club
 n - a +0 vorpal hunting sling
 r - a +0 club
Missiles
 o - 99 stones (quivered)
 u - 2 boomerangs
Armour
 e - a +0 leather armour
 f - a +0 pair of gloves (worn)
 m - a +0 cloak (worn)
Scrolls
 c - a scroll of teleportation
 d - a scroll of magic mapping
 j - 2 scrolls of remove curse
 s - a scroll of identify
 t - a scroll of fear
Potions
 k - a potion of lignification {unknown}
 l - a potion of stabbing
 q - 3 potions of magic {unknown}
 v - 2 potions of heal wounds {unknown}
Comestibles
 b - 13 rations
 p - 8 chunks of flesh


   Skills:
 + Level 4.1 Fighting
 + Level 4.8 Long Blades
 + Level 3.4 Dodging
 - Level 0.2 Stealth


You had 4 spell levels left.
You didn't know any spells.
Your spell library contained the following spells:

 Spells                   Type           Power        Failure   Level  Hunger
 Animate Skeleton         Necr           N/A          43%         1    ##.....
 Apportation              Tloc           #.....       43%         1    ##.....
 Corona                   Hex            #......      43%         1    ##.....
 Summon Small Mammal      Summ           #...         43%         1    ##.....


Dungeon Overview and Level Annotations

Branches:
Dungeon (4/15)
 Temple: D:4-7

Altars:


Innate Abilities, Weirdness & Mutations

Your plain brown scales are hard. (AC +5)
You cannot fit into any form of body armour.
You are cold-blooded and may be slowed by cold attacks.
Your large and strong wings let you fly indefinitely.
Your flesh is cold resistant. (rC+)


Message History

The adder poisons you!
The phantom hits you but does no damage.
The adder bites you but does no damage. The phantom barely misses you.
You hit the phantom.
The phantom is heavily damaged.
You are near starving!
You feel sick. The adder closely misses you. The phantom hits you!
* * * LOW HITPOINT WARNING * * *
The adder bites you.
* * * LOW HITPOINT WARNING * * *
* * * LOW HITPOINT WARNING * * *
You feel sick. The adder bites you but does no damage.
Things that are here:
a +0 falchion; an orc corpse
* * * LOW HITPOINT WARNING * * *
You feel sick. The adder barely misses you.
You hit the adder.
The adder is heavily wounded.
The adder closely misses you. The adder bites you.
You die...

#.##
#######.# #.
#.# #####.
#.# ...#. #.#
#... #.#
#..### #.##
#.).W## #..#
##.#S)# ##.#
#.##@### #.#
#.
#...#######.#
#.
###......##.#
.>
######....#
## ####.# ###


You could see a phantom and an adder.

Vanquished Creatures
  An orc wizard (D:4)
  An orc priest (D:4)
  An adder (D:4)
  An ooze (D:3)
  2 worms (D:2)
  5 dart slugs
  A leopard gecko (D:3)
  7 orcs (D:4)
  A ball python (D:1)
  A giant cockroach (D:2)
  8 goblins
  7 hobgoblins
  2 jackals (D:2)
  6 kobolds
  2 quokkas (D:3)
  6 bats
  A frilled lizard (D:4)
  6 rats
59 creatures vanquished.

Notes
Turn   | Place    | Note
-------+----------+-------------------------------------------
     0 | D:1      | derpkhan the Draconian Berserker began the quest for the
                  | Orb.
     0 | D:1      | Reached XP level 1. HP: 19/19 MP: 1/1
   263 | D:1      | Reached XP level 2. HP: 26/26 MP: 2/2
  1091 | D:2      | Reached ** piety under Trog
  1134 | D:2      | Reached XP level 3. HP: 33/33 MP: 3/3
  1633 | D:2      | Gained mutation: You are frail. (-10% HP) [potion of
                  | mutation]
  1633 | D:2      | Gained mutation: Your muscles are strong. (Str +2) [potion
                  | of mutation]
  1897 | D:2      | You fall into a shaft and drop 1 floor!
  2417 | D:3      | Reached XP level 4. HP: 28/36 MP: 4/4
  2557 | D:3      | You fall into a shaft and drop 1 floor!
  2585 | D:4      | Lost mutation: Your muscles are strong. (Str +2) [potion of
                  | mutation]
  2585 | D:4      | Lost mutation: You are frail. (-10% HP) [potion of
                  | mutation]
  2585 | D:4      | Gained mutation: Your large and strong wings let you fly
                  | indefinitely. [potion of mutation]
  2585 | D:4      | Gained mutation: Your flesh is cold resistant. (rC+)
                  | [potion of mutation]
  2629 | D:4      | Noticed a phantom
  2636 | D:4      | Reached XP level 5. HP: 46/46 MP: 5/5
  2662 | D:4      | Slain by an adder

Illustrated notes

Levels and vault maps discovered:
D:1:      lightli_arrival_boilingwater, layout_loops_ring, minivault_24,
          grunt_decor_mini_mirrors, minmay_misc_feat_x
D:2:      layout_basic
D:3:      layout_loops_ring
D:4:      layout_rooms, first_ration

Skill      XL: |  1  2  3  4 |
---------------+-------------+-----
Dodging        | 3 |  3.4
Long Blades    | 4 |  4.8
Fighting       | 4 |  4.1
Stealth        | |  0.2

Action                   |  1- 3 |  4- 6 || total
-------------------------+-------+-------++-------
Melee: Falchion          |   104 |    45 ||   149
       Tailslap          |    18 |     2 ||    20
Throw: Stone             |     1 |       ||     1
Invok: Berserk           |       |     2 ||     2
  Use: Scroll            |     6 |       ||     6
       Potion            |     2 |     1 ||     3
 Stab: Sleeping          |     1 |       ||     1
  Eat: Chunk             |     5 |     1 ||     6
Armor: Skin              |    32 |    16 ||    48
Dodge: Dodged            |    69 |    40 ||   109
       Rpst.: Falchion   |    22 |    10 ||    32
